Map: New Repugnancy LE

Players

DnS - Winner!

  • Race: Protoss Protoss
  • Spawn Location: 7:00

soul

  • Race: Terran Terran
  • League: Grandmaster
  • Spawn Location: 1:00

Event: 2019 WCS Winter Europe

VOD

Have the link to the VOD?

Description

Time

  • Played on: Feb. 8, 2019, 10:16 a.m.
  • Length: 12:42

All games in this series

Show
View Real Time Build Order
Export as new Build Order

DnS Protoss - Winner!

Build Orders: Phoenix Opening, Colossus Rush 

Get SALT Encoding   

  12  0:00  Probe  
  13  0:12  Probe  
  14  0:17  Pylon  
  14  0:24  Probe  
  15  0:32  Probe  
  15  0:38  Gateway  
  15  0:40  Probe  
  16  0:47  Assimilator  
  17  0:51  Probe  
  18  1:03  Probe  
  19  1:15  Probe  
  20  1:24  Pylon  
  20  1:25  Zealot  
  20  1:28  Cybernetics Core  
  22  1:49  Nexus  
  22  1:54  Stalker  
  22  1:56  Probe  
  25  2:08  Probe  
  25  2:09  Warp Gate  
  25  2:14  Stalker, Assimilator  
  25  2:26  Probe  
  28  2:33  Pylon  
  28  2:38  Probe  
  29  2:50  Probe  
  30  2:53  Sentry  
  30  2:58  Probe  
  32  3:03  Probe  
  34  3:06  Probe  
  34  3:12  Probe  
  33  3:14  Robotics Facility  
  33  3:16  Probe  
  35  3:20  Probe  
  36  3:28  Probe  
  36  3:29  Probe  
  36  3:32  Phoenix  
  36  3:33  Gateway  
  38  3:40  Probe, Gateway  
  38  3:41  Probe  
  40  3:48  Pylon  
  40  3:53  Probe x2  
  41  4:02  Immortal  
  41  4:03  Probe  
  41  4:05  Probe  
  41  4:08  Sentry  
  49  4:10  Assimilator  
  49  4:11  Assimilator, Probe  
  50  4:17  Probe  
  50  4:19  Probe  
  52  4:26  Robotics Bay  
  52  4:29  Probe  
  54  4:31  Probe  
  54  4:32  Immortal  
  54  4:34  Pylon  
  54  4:41  Probe  
  54  4:43  Probe  
  60  4:53  Probe  
  60  4:55  Probe  
  60  4:56  Forge  
  60  4:57  Pylon  
  60  4:59  Sentry  
  64  5:02  Stalker, Sentry  
  64  5:04  Colossus  
  64  5:05  Pylon  
  68  5:19  Protoss Ground Weapons Level 1  
  74  5:37  Stalker  
  74  5:40  Probe x2  
  78  5:44  Stalker, Nexus  
  76  6:03  Probe x2  
  78  6:17  Pylon  
  78  6:22  Pylon  
  78  6:24  Probe  
  78  6:28  Extended Thermal Lance, Pylon  
  78  6:34  Colossus  
  78  6:35  Probe  
  78  6:36  Probe  
  86  6:45  Twilight Council  
  86  6:46  Stalker  
  88  6:47  Probe  
  88  6:48  Probe  
  88  6:50  Stalker  
  92  6:55  Stalker  
  92  6:56  Protoss Ground Armor Level 1, Probe  
  92  6:59  Probe  
  92  7:00  Probe  
  97  7:07  Blink  
  97  7:08  Probe  
  97  7:11  Probe  
  97  7:13  Probe  
  100  7:18  Colossus  
  96  7:23  Zealot x2  
  94  7:46  Probe x3  
  94  7:48  Pylon  
  95  7:58  Probe x2  
  95  7:59  Probe  
  95  8:03  Gateway  
  95  8:04  Gateway  
  95  8:05  Gateway  
  98  8:10  Probe x2  
  103  8:13  Probe  
  104  8:21  Immortal  
  104  8:22  Probe  
  104  8:23  Stalker x3  
  104  8:26  Protoss Ground Armor Level 2  
  113  8:27  Probe x2  
  113  8:31  Pylon  
  113  8:33  Pylon  
  114  8:35  Probe, Gateway  
  114  8:37  Gateway  
  114  8:41  Probe x2  
  117  8:50  Templar Archives  
  117  8:54  Probe  
  118  8:56  Probe x2  
  118  8:58  Charge, Assimilator  
  118  8:59  Assimilator  
  118  9:00  Zealot  
  122  9:02  Pylon  
  122  9:05  Observer  
  122  9:06  Probe  
  124  9:12  Probe  
  124  9:16  Zealot x4  
  133  9:24  Pylon  
  133  9:25  Pylon  
  133  9:26  High Templar x2  
  133  9:30  Archon  
  137  9:33  Forge  
  137  9:41  High Templar x2  
  141  9:46  Zealot x2, Archon  
  141  9:47  Zealot x2, Protoss Ground Weapons Level 2  
  141  9:50  Photon Cannon  
  141  9:52  Pylon x2  
  149  9:58  Zealot x2  
  152  10:12  Immortal  
  152  10:14  Pylon  
  156  10:15  High Templar x2  
  156  10:16  Zealot x2  
  156  10:19  Probe, Pylon  
  165  10:23  Probe, Archon  
  165  10:38  Nexus  
  165  10:41  High Templar x2, Pylon  
  165  10:42  Zealot x4  
  177  10:47  Archon  
  177  10:55  Pylon  
  177  11:03  Warp Prism  
  179  11:04  Pylon x2  
  179  11:10  Gateway x2  
  179  11:12  Pylon  
  179  11:18  High Templar  
  179  11:19  Zealot, High Templar x3  
  179  11:24  Archon x2  
  189  11:33  Zealot x3  
  137  11:50  Stalker  
  137  11:51  Stalker x4  
  141  12:04  Stalker x4  
  141  12:05  Stalker  
  150  12:15  Zealot  
  152  12:18  Zealot x4  
  158  12:36  Zealot x6  
Show
View Real Time Build Order
Export as new Build Order

soul Terran 

Build Orders: Reaper Expand 

Get SALT Encoding   

  12  0:00  SCV  
  13  0:12  SCV  
  14  0:17  Supply Depot  
  14  0:25  SCV  
  15  0:39  SCV  
  15  0:41  Barracks  
  16  0:44  Refinery  
  16  0:51  SCV  
  17  1:03  SCV  
  18  1:15  SCV  
  19  1:27  Reaper  
  19  1:28  Orbital Command  
  20  1:44  Command Center  
  20  1:52  Barracks  
  20  1:56  SCV  
  20  2:01  Barracks Reactor  
  21  2:09  SCV  
  21  2:10  Supply Depot  
  21  2:13  Refinery  
  22  2:24  SCV  
  22  2:26  Factory  
  23  2:36  SCV  
  23  2:37  Marine  
  24  2:38  Marine  
  24  2:41  Barracks Tech Lab  
  26  2:48  SCV  
  26  2:49  Supply Depot  
  27  2:54  Marine  
  27  2:56  Marine  
  29  3:00  Marauder  
  31  3:13  Orbital Command  
  31  3:15  Widow Mine  
  33  3:20  Marine  
  33  3:21  Stimpack  
  34  3:27  SCV  
  34  3:28  Marine  
  36  3:38  Starport  
  36  3:39  Factory Reactor  
  36  3:40  SCV  
  36  3:44  SCV  
  37  3:49  Marine x2  
  37  3:52  SCV, Marine  
  41  3:57  SCV  
  42  4:04  SCV  
  42  4:07  Marine x2  
  42  4:09  SCV  
  46  4:10  Marine  
  46  4:14  Supply Depot  
  46  4:17  SCV  
  48  4:23  Medivac  
  51  4:24  Marine  
  51  4:25  Marine  
  51  4:28  Marine  
  51  4:29  SCV  
  54  4:31  Supply Depot  
  54  4:36  SCV, Medivac  
  54  4:37  Supply Depot  
  57  4:41  SCV  
  57  4:44  Engineering Bay  
  57  4:45  Marine  
  59  4:48  SCV  
  59  4:50  Supply Depot  
  59  4:51  Marine  
  61  4:53  SCV  
  61  4:59  Marine  
  63  5:00  SCV, Factory Tech Lab, Supply Depot  
  63  5:06  SCV  
  65  5:09  Barracks  
  65  5:13  Terran Infantry Weapons Level 1  
  65  5:14  SCV  
  65  5:17  Refinery  
  65  5:18  SCV, Marine  
  68  5:22  Combat Shield  
  68  5:26  SCV  
  69  5:31  Marine, Refinery  
  69  5:32  Marauder  
  69  5:33  SCV, Factory Reactor  
  73  5:39  SCV  
  74  5:45  SCV  
  75  5:50  Marine  
  75  5:53  Marauder  
  75  5:55  Marine  
  71  6:03  Factory Tech Lab  
  69  6:04  SCV  
  69  6:05  Command Center  
  69  6:06  Medivac x2  
  69  6:10  Marauder, Marine  
  77  6:12  Concussive Shells  
  77  6:13  Marine  
  77  6:14  Bunker  
  77  6:15  Marauder  
  80  6:20  SCV  
  81  6:28  Siege Tank  
  81  6:29  Marine  
  81  6:30  SCV, Barracks  
  81  6:31  Barracks  
  86  6:35  SCV, Supply Depot  
  86  6:39  Marauder  
  89  6:43  SCV  
  89  6:46  Marine  
  91  6:47  Marauder  
  91  6:50  SCV  
  91  6:51  Marine  
  93  6:57  Viking x2  
  93  7:00  Siege Tank  
  93  7:01  Marauder  
  102  7:15  Supply Depot  
  102  7:16  Marine, Supply Depot x2  
  102  7:17  SCV, Marauder  
  101  7:26  Marauder, Marine  
  101  7:37  Barracks Tech Lab x2  
  101  7:41  SCV  
  101  7:42  Marauder, Marine  
  87  7:48  Marauder  
  87  7:51  Medivac x2  
  91  7:53  SCV x2, Siege Tank  
  91  7:55  Terran Infantry Armor Level 1  
  91  7:56  Orbital Command  
  96  8:00  Marine  
  96  8:01  Marauder  
  96  8:04  Marauder, Marine  
  102  8:05  SCV  
  102  8:07  Marauder  
  102  8:10  SCV  
  106  8:20  Starport  
  106  8:22  SCV x2  
  106  8:23  SCV, Refinery x2  
  106  8:25  Siege Tank  
  112  8:29  Medivac x2  
  112  8:30  Marauder  
  112  8:32  Marauder  
  122  8:34  Marauder  
  122  8:38  SCV x2  
  122  8:40  Supply Depot  
  122  8:41  Marauder, Marine x2  
  126  8:45  SCV  
  129  8:50  SCV x2  
  129  8:51  Marauder  
  133  8:57  SCV  
  133  8:58  Starport Reactor, Supply Depot  
  133  8:59  Siege Tank  
  133  9:00  Marine, Supply Depot  
  133  9:01  Marauder  
  140  9:06  Supply Depot  
  140  9:07  Marine  
  140  9:08  Marauder x2  
  145  9:12  Viking  
  145  9:14  Viking  
  149  9:20  Marauder  
  149  9:22  Supply Depot  
  151  9:27  Marauder, Marine  
  151  9:29  Marauder  
  156  9:31  Marine  
  156  9:32  Marauder  
  156  9:34  Supply Depot  
  156  9:37  Ghost Academy  
  156  9:38  Viking  
  161  9:41  Viking  
  163  9:50  Armory  
  163  9:51  Viking, Engineering Bay  
  164  10:00  Command Center  
  166  10:10  Ghost x3  
  170  10:16  SCV, Supply Depot  
  170  10:17  SCV x2  
  170  10:20  Ghost  
  170  10:21  Liberator  
  174  10:31  Marine  
  175  10:37  Fusion Core  
  175  10:38  Ghost  
  175  10:39  Marauder x2  
  184  10:46  Liberator  
  184  10:48  Marine x2  
  185  10:53  Liberator  
  185  11:00  SCV x3  
  194  11:13  Refinery  
  194  11:18  Planetary Fortress, Missile Turret  
  194  11:19  Refinery  
  194  11:20  Marauder, Marine  
  196  11:30  Liberator  
  196  11:32  Marauder, Marine  
  170  11:41  Marauder, Marine  
  138  11:48  Marauder, Marine  
  138  11:51  Marine  
  138  11:54  Marauder  
  133  11:59  Medivac x2, Marine  
  138  12:02  Marine  
  138  12:06  Marine  
  140  12:09  Marine x2  
  140  12:14  Marine  
  143  12:16  Marine  
  143  12:21  Marauder  
  145  12:23  Marine  
  145  12:24  Sensor Tower  
Tags
 
Add a new tag
Caveats
  • Supply blocks, unpowered buildings, or Contaminate may cause inaccurate times.
  • Supply counts are checked every 10 seconds.